TOP OF THE 1ST |
Colorado Springs Sky Sox batting - Pitching for Reno Aces : RHP Takaaki Nakada
|
Pitching: RHP Takaaki Nakada
|
|
Batting: RHB Justin Williams
|
0-0: Ball 1-0: Called Strike 1-1: Ball 2-1: DOUBLE (Line Drive, 9LD, EV 106.9 MPH)
|
Batting: RHB Scott Schwartz
|
0-0: Foul Ball, location: 2F 0-1: Ball 1-1: SINGLE (Groundball, 4S, EV 95.6 MPH) Justin Williams to third
|
Batting: SHB Bobby Santor
|
0-0: Foul Ball, location: 2F 0-1: Ball 1-1: Called Strike 1-2: Foul Ball, location: 2F 1-2: Foul Ball, location: 2F 1-2: Strikes out swinging
|
Batting: LHB Michael Krott
|
0-0: Ball 1-0: Ground out 6-3 (Groundball, 4MS, EV 67.5 MPH) Justin Williams scores Scott Schwartz to second
|
Batting: SHB Andy Vivas
|
0-0: Ball 1-0: Called Strike Scott Schwartz steals 3rd base (no throw) 1-1: Fly out, F8 (Flyball, 8LM, EV 91.9 MPH)
|
Top of the 1st over - 1 run, 2 hits, 0 errors, 1 left on base; Colorado Springs 1 - Reno 0 |
BOTTOM OF THE 1ST |
Reno Aces batting - Pitching for Colorado Springs Sky Sox : LHP Marc Eismann
|
Pitching: LHP Marc Eismann
|
|
Batting: RHB Xavier Castellanos
|
0-0: Fly out, F3 (Popup, 3SF, EV 82.5 MPH)
|
Batting: RHB Roberto Rodriguez
|
0-0: Called Strike 0-1: Swinging Strike 0-2: Ball 1-2: Strikes out swinging
|
Batting: RHB Ji-an Li
|
0-0: Ball 1-0: Swinging Strike 1-1: Ball 2-1: Swinging Strike 2-2: Ball 3-2: Foul Ball, location: 2F 3-2: Foul Ball, location: 2F 3-2: Base on Balls
|
Batting: RHB Seth Tramontano
|
0-0: Ball 1-0: Called Strike 1-1: Swinging Strike 1-2: Ball 2-2: Ball 3-2: Foul Ball, location: 2F 3-2: Base on Balls Ji-an Li to second
|
Batting: RHB Ruben Garza
|
0-0: Called Strike 0-1: Ball 1-1: Ball 2-1: Swinging Strike 2-2: Foul Ball, location: 2F 2-2: Strikes out swinging
|
Bottom of the 1st over - 0 runs, 0 hits, 0 errors, 2 left on base; Colorado Springs 1 - Reno 0 |
TOP OF THE 2ND |
Colorado Springs Sky Sox batting - Pitching for Reno Aces : RHP Takaaki Nakada
|
Batting: SHB Chris Besselman
|
0-0: Ball 1-0: Ball 2-0: Ball 3-0: Base on Balls
|
Batting: RHB Heitaro Tanaka
|
0-0: Ball 1-0: Fly out, F8 (Flyball, 78M, EV 93.1 MPH)
|
Batting: RHB Devine Adams
|
0-0: Ball 1-0: 2-RUN HOME RUN (Flyball, 78XD, EV 99.4 MPH), Distance : 412 ft
|
Batting: SHB Cesar Arteaga
|
0-0: Called Strike 0-1: Ball 1-1: SINGLE (Line Drive, 89M, EV 90.0 MPH)
|
Batting: RHB Justin Williams
|
0-0: Ball 1-0: Fly out, F5 (Line Drive, 5L, EV 66.9 MPH)
|
Batting: RHB Scott Schwartz
|
0-0: Ball 1-0: Ball 2-0: Fielders Choice at 2nd, 5-4 (Groundball, 56, EV 105.6 MPH)
|
Top of the 2nd over - 2 runs, 2 hits, 0 errors, 1 left on base; Colorado Springs 3 - Reno 0 |
BOTTOM OF THE 2ND |
Reno Aces batting - Pitching for Colorado Springs Sky Sox : LHP Marc Eismann
|
Batting: RHB Danny Gerardo
|
0-0: Ball 1-0: Foul Ball, location: 2F 1-1: Swinging Strike 1-2: Ball 2-2: Strikes out swinging
|
Batting: LHB Sam Dowdy
|
0-0: Ball 1-0: Ball 2-0: Foul Ball, location: 2F 2-1: SINGLE (Groundball, 3D, EV 98.1 MPH)
|
Batting: LHB Steve Reinhart
|
0-0: Ball 1-0: Ball 2-0: Swinging Strike 2-1: Swinging Strike 2-2: Ball 3-2: Foul Ball, location: 2F 3-2: Foul Ball, location: 2F 3-2: DOUBLE (Groundball, 5L, EV 97.5 MPH) Sam Dowdy to third Runner from 3rd tries for Home, SAFE, no throw by LF
|
Batting: LHB Katsunan Akimoto
|
0-0: Called Strike 0-1: Ball 1-1: Ground out 4-3 (Groundball, 4, EV 101.2 MPH) Steve Reinhart to third
|
Batting: RHB Xavier Castellanos
|
0-0: Foul Ball, location: 2F 0-1: Foul Ball, location: 2F 0-2: Ball 1-2: Ball 2-2: Ball 3-2: Ground out U3 (Groundball, 3L, EV 88.8 MPH)
|
Bottom of the 2nd over - 1 run, 2 hits, 0 errors, 1 left on base; Colorado Springs 3 - Reno 1 |
TOP OF THE 3RD |
Colorado Springs Sky Sox batting - Pitching for Reno Aces : RHP Takaaki Nakada
|
Batting: SHB Bobby Santor
|
0-0: Ball 1-0: Called Strike 1-1: SINGLE (Groundball, 4MS, EV 66.2 MPH) (infield hit)
|
Batting: LHB Michael Krott
|
0-0: Ball 1-0: Called Strike 1-1: Fly out, F7 (Line Drive, 7S, EV 90.0 MPH)
|
Batting: SHB Andy Vivas
|
0-0: Called Strike 0-1: Ball 1-1: Fly out, F8 (Flyball, 89D, EV 97.5 MPH)
|
Batting: SHB Chris Besselman
|
0-0: Ball 1-0: Fly out, F7 (Flyball, 7S, EV 85.6 MPH)
|
Top of the 3rd over - 0 runs, 1 hit, 0 errors, 1 left on base; Colorado Springs 3 - Reno 1 |
BOTTOM OF THE 3RD |
Reno Aces batting - Pitching for Colorado Springs Sky Sox : LHP Marc Eismann
|
Batting: RHB Roberto Rodriguez
|
0-0: Ball 1-0: Fly out, F7 (Line Drive, 7D, EV 86.9 MPH)
|
Batting: RHB Ji-an Li
|
0-0: Foul Ball, location: 2F 0-1: Swinging Strike 0-2: Strikes out swinging
|
Batting: RHB Seth Tramontano
|
0-0: Called Strike 0-1: Ball 1-1: Ball 2-1: Ball 3-1: Foul Ball, location: 2F 3-2: Base on Balls
|
Batting: RHB Ruben Garza
|
0-0: Called Strike 0-1: Fielders Choice at 2nd, 5-4 (Groundball, 56, EV 105.0 MPH)
|
Bottom of the 3rd over - 0 runs, 0 hits, 0 errors, 1 left on base; Colorado Springs 3 - Reno 1 |
TOP OF THE 4TH |
Colorado Springs Sky Sox batting - Pitching for Reno Aces : RHP Takaaki Nakada
|
Batting: RHB Heitaro Tanaka
|
0-0: Ground out 4-3 (Groundball, 4S, EV 80.0 MPH)
|
Batting: RHB Devine Adams
|
0-0: Ball 1-0: Called Strike 1-1: Foul Ball, location: 2F 1-2: Ball 2-2: Fly out, F7 (Flyball, 78M, EV 90.0 MPH)
|
Batting: SHB Cesar Arteaga
|
0-0: Ball 1-0: Called Strike 1-1: Foul Ball, location: 2F 1-2: Strikes out swinging
|
Top of the 4th over - 0 runs, 0 hits, 0 errors, 0 left on base; Colorado Springs 3 - Reno 1 |
BOTTOM OF THE 4TH |
Reno Aces batting - Pitching for Colorado Springs Sky Sox : LHP Marc Eismann
|
Batting: RHB Danny Gerardo
|
0-0: SINGLE (Groundball, 6MS, EV 68.1 MPH) (infield hit)
|
Batting: LHB Sam Dowdy
|
0-0: DOUBLE (Line Drive, 5D, EV 98.8 MPH) Danny Gerardo to third
|
Batting: LHB Steve Reinhart
|
0-0: Ball 1-0: Foul Ball, location: 2F 1-1: Foul Ball, location: 2F 1-2: Ball 2-2: Foul Ball, location: 2F 2-2: Fly out, F7 (Flyball, 7D, EV 101.9 MPH) Runner from 3rd tags up, SCORES, no throw by LF
|
Batting: LHB Katsunan Akimoto
|
0-0: Called Strike 0-1: Ground out 6-3 (Groundball, 6, EV 85.6 MPH) Sam Dowdy to third
|
Batting: RHB Xavier Castellanos
|
0-0: Ball 1-0: SINGLE (Groundball, 34D, EV 99.4 MPH) Sam Dowdy scores
|
Batting: RHB Roberto Rodriguez
|
0-0: Called Strike 0-1: Called Strike 0-2: Strikes out swinging
|
Bottom of the 4th over - 2 runs, 3 hits, 0 errors, 1 left on base; Colorado Springs 3 - Reno 3 |
TOP OF THE 5TH |
Colorado Springs Sky Sox batting - Pitching for Reno Aces : RHP Takaaki Nakada
|
Batting: RHB Justin Williams
|
0-0: Ball 1-0: Fly out, F7 (Flyball, 78S, EV 88.1 MPH)
|
Batting: RHB Scott Schwartz
|
0-0: Fly out, F7 (Flyball, 7, EV 82.5 MPH)
|
Batting: SHB Bobby Santor
|
0-0: Ball 1-0: Ball 2-0: Called Strike 2-1: Swinging Strike 2-2: Ground out U3 (Groundball, 34, EV 88.8 MPH)
|
Top of the 5th over - 0 runs, 0 hits, 0 errors, 0 left on base; Colorado Springs 3 - Reno 3 |
BOTTOM OF THE 5TH |
Reno Aces batting - Pitching for Colorado Springs Sky Sox : LHP Marc Eismann
|
Batting: RHB Ji-an Li
|
0-0: Called Strike 0-1: Called Strike 0-2: Ball 1-2: Ball 2-2: Strikes out looking
|
Batting: RHB Seth Tramontano
|
0-0: Ball 1-0: Ball 2-0: Ball 3-0: Base on Balls
|
Batting: RHB Ruben Garza
|
0-0: Ball 1-0: SINGLE (Line Drive, 9S, EV 90.0 MPH) Seth Tramontano to second Runner from 2nd tries for 3rd, SAFE, throw by RF made to third
|
Batting: RHB Danny Gerardo
|
0-0: Swinging Strike 0-1: Ball 1-1: Foul Ball, location: 2F 1-2: Strikes out swinging
|
Batting: LHB Sam Dowdy
|
0-0: Ball 1-0: Ball 2-0: Foul Ball, location: 2F 2-1: Foul Ball, location: 2F 2-2: Ball 3-2: Base on Balls Ruben Garza to second
|
Pitching: RHP Victor Castillo
|
|
Batting: LHB Steve Reinhart
|
0-0: Called Strike 0-1: Ground out 4-3 (Groundball, 4, EV 102.5 MPH)
|
Bottom of the 5th over - 0 runs, 1 hit, 0 errors, 3 left on base; Colorado Springs 3 - Reno 3 |
TOP OF THE 6TH |
Colorado Springs Sky Sox batting - Pitching for Reno Aces : RHP Takaaki Nakada
|
Batting: LHB Michael Krott
|
0-0: Called Strike 0-1: Ball 1-1: Hit by Pitch
|
Batting: SHB Andy Vivas
|
0-0: Ball 1-0: Ball 2-0: SINGLE (Line Drive, 9S, EV 108.1 MPH) Michael Krott to second
|
Batting: SHB Chris Besselman
|
0-0: Swinging Strike 0-1: Grounds into double play, 4-6-3 (Groundball, 4, EV 87.5 MPH) Michael Krott to third
|
Batting: RHB Heitaro Tanaka
|
0-0: Swinging Strike 0-1: Swinging Strike 0-2: Ball 1-2: Ball 2-2: Foul Ball, location: 2F 2-2: Ball 3-2: Foul Ball, location: 2F 3-2: Foul Ball, location: 2F 3-2: Strikes out swinging
|
Top of the 6th over - 0 runs, 1 hit, 0 errors, 1 left on base; Colorado Springs 3 - Reno 3 |
BOTTOM OF THE 6TH |
Reno Aces batting - Pitching for Colorado Springs Sky Sox : RHP Victor Castillo
|
Batting: LHB Katsunan Akimoto
|
0-0: Swinging Strike 0-1: Ball 1-1: Ball 2-1: Ball 3-1: Base on Balls
|
Batting: RHB Xavier Castellanos
|
0-0: Called Strike 0-1: Ball 1-1: Fly out, F7 (Line Drive, 7, EV 96.2 MPH)
|
Batting: RHB Roberto Rodriguez
|
0-0: Swinging Strike 0-1: Ball 1-1: Ground out 5-3 (Groundball, 56S, EV 71.2 MPH) Katsunan Akimoto to second
|
Batting: RHB Ji-an Li
|
0-0: Ball 1-0: Ground out 4-3 (Groundball, 4, EV 91.2 MPH)
|
Bottom of the 6th over - 0 runs, 0 hits, 0 errors, 1 left on base; Colorado Springs 3 - Reno 3 |
TOP OF THE 7TH |
Colorado Springs Sky Sox batting - Pitching for Reno Aces : RHP Takaaki Nakada
|
Batting: RHB Devine Adams
|
0-0: Ball 1-0: Ground out 6-3 (Groundball, 56, EV 100.6 MPH)
|
Batting: SHB Cesar Arteaga
|
0-0: Ball 1-0: Called Strike 1-1: Called Strike 1-2: Ground out 6-3 (Groundball, 6M, EV 108.8 MPH)
|
Batting: RHB Justin Williams
|
0-0: Ball 1-0: Ball 2-0: SINGLE (Groundball, 4MD, EV 80.6 MPH) (infield hit)
|
Batting: RHB Scott Schwartz
|
0-0: Fielders Choice at 2nd, 6-4 (Groundball, 6, EV 85.6 MPH)
|
Top of the 7th over - 0 runs, 1 hit, 0 errors, 1 left on base; Colorado Springs 3 - Reno 3 |
BOTTOM OF THE 7TH |
Reno Aces batting - Pitching for Colorado Springs Sky Sox : RHP Victor Castillo
|
Batting: RHB Seth Tramontano
|
0-0: Called Strike 0-1: Fly out, F3 (Line Drive, 3, EV 68.8 MPH)
|
Batting: RHB Ruben Garza
|
0-0: Called Strike 0-1: Called Strike 0-2: Ball 1-2: Strikes out swinging
|
Batting: RHB Danny Gerardo
|
0-0: Ball 1-0: Called Strike 1-1: Ball 2-1: Ground out 5-3 (Groundball, 56S, EV 84.4 MPH)
|
Bottom of the 7th over - 0 runs, 0 hits, 0 errors, 0 left on base; Colorado Springs 3 - Reno 3 |
TOP OF THE 8TH |
Colorado Springs Sky Sox batting - Pitching for Reno Aces : RHP Takaaki Nakada
|
Batting: SHB Bobby Santor
|
0-0: Ball 1-0: Called Strike 1-1: Ball 2-1: Foul Ball, location: 2F 2-2: Ball 3-2: Foul Ball, location: 2F 3-2: SOLO HOME RUN (Line Drive, 9D, EV 101.2 MPH), Distance : 403 ft
|
Batting: LHB Michael Krott
|
0-0: Ball 1-0: Ball 2-0: Foul Ball, location: 2F 2-1: Ball 3-1: Base on Balls
|
Pitching: LHP Afanasy Apatenko
|
|
Batting: SHB Andy Vivas
|
0-0: Foul Ball, location: 2F 0-1: Ball 1-1: Foul Ball, location: 2F 1-2: SINGLE (Groundball, 6MD, EV 98.8 MPH) Michael Krott to second
|
Batting: SHB Chris Besselman
|
0-0: Called Strike 0-1: Ball 1-1: Swinging Strike 1-2: Strikes out looking
|
Batting: RHB Heitaro Tanaka
|
0-0: Called Strike 0-1: Foul Ball, location: 2F 0-2: Fielders Choice at 2nd, 4-6 (Groundball, 34, EV 80.6 MPH) Michael Krott to third
|
Batting: RHB Devine Adams
|
0-0: Ball 1-0: Fly out, F9 (Flyball, 89M, EV 95.0 MPH)
|
Top of the 8th over - 1 run, 2 hits, 0 errors, 2 left on base; Colorado Springs 4 - Reno 3 |
BOTTOM OF THE 8TH |
Reno Aces batting - Pitching for Colorado Springs Sky Sox : RHP Victor Castillo
|
Batting: LHB Sam Dowdy
|
0-0: Ball 1-0: Swinging Strike 1-1: Swinging Strike 1-2: Ball 2-2: Foul Ball, location: 2F 2-2: Ground out 4-3 (Groundball, 34, EV 93.1 MPH)
|
Batting: LHB Steve Reinhart
|
0-0: Called Strike 0-1: Ball 1-1: Swinging Strike 1-2: Ball 2-2: Foul Ball, location: 2F 2-2: Foul Ball, location: 2F 2-2: Foul Ball, location: 2F 2-2: Strikes out swinging
|
Batting: LHB Katsunan Akimoto
|
0-0: Ground out U3 (Groundball, 3, EV 83.1 MPH)
|
Bottom of the 8th over - 0 runs, 0 hits, 0 errors, 0 left on base; Colorado Springs 4 - Reno 3 |
TOP OF THE 9TH |
Colorado Springs Sky Sox batting - Pitching for Reno Aces : LHP Afanasy Apatenko
|
Pitching: RHP Mike Osgood
|
|
Batting: SHB Cesar Arteaga
|
0-0: Ball 1-0: SINGLE (Groundball, 4MD, EV 103.8 MPH)
|
Batting: RHB Justin Williams
|
0-0: Bunted foul 0-1: Ball 1-1: Ball 2-1: Bunt missed! 2-2: Foul Ball, location: 2F 2-2: Foul Ball, location: 2F 2-2: Foul Ball, location: 2F 2-2: Foul Ball, location: 2F 2-2: SINGLE (Line Drive, 8RS, EV 100.0 MPH) Cesar Arteaga to second
|
Batting: RHB Scott Schwartz
|
0-0: Bunt missed! 0-1: Sac Bunt to 23 - play at first, batter OUT! 3-4 Cesar Arteaga to third Justin Williams to second
|
Batting: SHB Bobby Santor
|
0-0: Foul Ball, location: 2F 0-1: Ball 1-1: Ground out U3 (Groundball, 3, EV 83.1 MPH)
|
Batting: LHB Michael Krott
|
0-0: Fly out, F7 (Flyball, 7, EV 88.8 MPH)
|
Top of the 9th over - 0 runs, 2 hits, 0 errors, 2 left on base; Colorado Springs 4 - Reno 3 |
BOTTOM OF THE 9TH |
Reno Aces batting - Pitching for Colorado Springs Sky Sox : RHP Victor Castillo
|
Pitching: RHP Jim Bruley
|
|
Pinch Hitting: LHB Kyle Beaulieu
|
0-0: Ball 1-0: Foul Ball, location: 2F 1-1: Ball 2-1: Ball 3-1: Foul Ball, location: 2F 3-2: Base on Balls
|
Pinch Hitting: LHB Ian Jarvis
|
0-0: Bunted foul 0-1: Sac Bunt to 5S - play at first, batter OUT! 5-3 Kyle Beaulieu to second
|
Batting: RHB Ji-an Li
|
0-0: Ball 1-0: Called Strike 1-1: Called Strike 1-2: Strikes out looking
|
Batting: SHB Carlos Rodriguez
|
0-0: Foul Ball, location: 2F 0-1: Swinging Strike 0-2: Ball 1-2: Strikes out swinging
|
Bottom of the 9th over - 0 runs, 0 hits, 0 errors, 1 left on base; Colorado Springs 4 - Reno 3 |
|